 Dungeon Crawl Stone Soup version 0.18-a0-965-g9200175 (webtiles) character file.

1934 root the Shield-Bearer (level 9, -11/68 HPs)
             Began as a Formicid Fighter on Jan 1, 2016.
             Was a Believer of Pakellas.
             Killed from afar by Pikel (22 damage)
             ... with a wand of draining
             ... on level 7 of the Dungeon.
             The game lasted 00:22:48 (6255 turns).

root the Shield-Bearer (Formicid Fighter)           Turns: 6255, Time: 00:22:48

Health: -11/68     AC: 15    Str: 21    XL:     9   Next: 40%
Magic:  8/11       EV:  8    Int:  8    God:    Pakellas [**....]
Gold:   219        SH: 10    Dex: 13    Spells: 0 memorised, 8 levels left

rFire  . . .     SeeInvis +     a - +0 long sword
rCold  . . .     Gourm    .     b - +0 scale mail
rNeg   . . .     Faith    .     c - +0 shield
rPois  .         Spirit   .     (helmet unavailable)
rElec  .         Dismiss  .     A - +0 cloak
rCorr  .         Reflect  .     F - +0 pair of gloves
SustAt .         Harm     .     q - +0 pair of boots
MR     +....                    (no amulet)
Stlth  +.........               n - ring of protection from magic
                                D - +5 ring of protection

@: heavily drained, somewhat resistant to hostile enchantments, very unstealthy
A: permanent stasis, dig shafts and tunnels, four strong arms, antennae 3
a: Dig, Shaft Self, Quick Charge, Renounce Religion


You were on level 7 of the Dungeon.
You worshipped Pakellas.
Pakellas was pleased with you.
You were very hungry.

You visited 2 branches of the dungeon, and saw 8 of its levels.
You also visited: Sewer.

You collected 219 gold pieces.

Inventory:

Hand Weapons
 a - a +0 long sword (weapon)
Armour
 b - a +0 scale mail (worn)
 c - a +0 shield (worn)
 q - a +0 pair of boots (worn)
 A - a +0 cloak (worn)
 F - a +0 pair of gloves (worn)
Jewellery
 l - an uncursed ring of protection from fire
 n - a ring of protection from magic (right hand)
 D - a +5 ring of protection (left hand)
 G - a +5 ring of intelligence
 I - an uncursed ring of wizardry
Wands
 H - a wand of cold (1/15)
Scrolls
 e - 3 scrolls of remove curse {unknown}
 g - 3 scrolls of magic mapping {unknown}
 j - 2 scrolls of blinking {unknown}
 k - a scroll of noise {unknown}
 o - 6 scrolls of identify
 s - a scroll of immolation {unknown}
 u - 2 scrolls of amnesia {unknown}
 w - 4 scrolls of fog {unknown}
 x - 3 scrolls of fear {unknown}
 C - 2 scrolls of random uselessness {unknown}
Potions
 d - 2 potions of might
 h - 6 potions of heal wounds {unknown}
 i - 4 potions of flight
 p - a potion of lignification {unknown}
 r - 2 potions of magic {unknown}
 z - 4 potions of curing {unknown}
 B - 4 potions of haste {unknown}
 E - a potion of resistance
Books
 y - a book of Conjurations

   Spells                             Type                      Level
   a - Magic Dart                     Conjuration                  1
   b - Searing Ray                    Conjuration                  2
   c - Dazzling Spray                 Conjuration/Hexes            3
   d - Fulminant Prism                Conjuration/Hexes            4
   e - Iskenderun's Mystic Blast      Conjuration                  4
   f - Iskenderun's Battlesphere      Conjuration/Charms           5
Comestibles
 f - 5 bread rations
 m - a fruit
 t - 2 beef jerkies
 v - 4 meat rations


   Skills:
 + Level 5.4(3.2) Fighting
 * Level 6.3(4.0) Long Blades
 + Level 4.9(2.7) Armour
 + Level 3.5(1.4) Dodging
 * Level 5.6(3.4) Stealth
 + Level 6.7(4.4) Shields
 * Level 3.5(1.4) Evocations


You had 8 spell levels left.
You didn't know any spells.

Dungeon Overview and Level Annotations

Branches:
Dungeon (7/15)             Temple (1/1) D:4

Altars:
Ashenzari
Cheibriados
Fedhas
Gozag
Kikubaaqudgha
Nemelex Xobeh
Okawaru
Pakellas
Qazlal
Ru
Sif Muna
Trog
Xom
Yredelemnul

Annotations:
D:7 Pikel


Innate Abilities, Weirdness & Mutations

You are under a permanent stasis effect.
You can dig through walls and to a lower floor.
Your four strong arms can wield two-handed weapons with a shield.
You have a pair of large antennae on your head (SInv).


Message History

You hit Pikel but do no damage.
Pikel is lightly wounded.
Pikel hits you but does no damage.
You closely miss Pikel.
Pikel is lightly wounded.
Pikel zaps a wand.
The bolt of negative energy hits you!
You feel drained.
You closely miss Pikel.
Pikel is lightly wounded.
Pikel closely misses you.
You closely miss Pikel.
Pikel is lightly wounded.
You are feeling very hungry.
Pikel cracks his whip.
Pikel zaps a wand.
The bolt of negative energy hits you!
You feel drained.
* * * LOW HITPOINT WARNING * * *
You miss Pikel.
Pikel is lightly wounded.
Pikel barely misses you.
Pikel zaps a wand.
The bolt of negative energy hits you!
You feel drained.
You die...

#...# #.....
#...# #.####
###...# #.#
#.....# #.#
#.###.# #.##
#.# #.# #.. #.#
#.# #.## #.#
#.####p.# #.#
#...@Kpp#######
#.#
#.#####p.......
#.# #.#
#...###### #.#
#.# ..p#...
#.#.##. (###
#.# ## ## #.#
#.


You could see Pikel and 4 slaves.

Vanquished Creatures
  Joseph (D:7)
  2 orc warriors (D:6)
  A sky beast (D:5)
  A phantom (D:6)
  2 ogres
  A centaur (D:6)
  3 big kobolds (Sewer)
  A giant frog (D:6)
  A water moccasin skeleton (D:4)
  3 crimson imps
  A hound (D:4)
  Crazy Yiuf (D:4)
  A centaur skeleton (D:5)
  2 orc wizards
  4 worker ants
  2 hound zombies (D:5)
  A hound skeleton (D:7)
  7 gnolls
  11 adders
  4 river rats
  A shadow imp (D:6)
  2 oozes (Sewer)
  4 worms
  2 giant geckos (D:4)
  18 orcs
  5 giant cockroaches
  7 hobgoblins
  7 jackals
  2 quokkas
  3 ball pythons
  4 bats (D:1)
  5 giant newts
  14 kobolds
  11 rats
135 creatures vanquished.

Notes
Turn   | Place    | Note
--------------------------------------------------------------
     0 | D:1      | root the Formicid Fighter began the quest for the Orb.
     0 | D:1      | Reached XP level 1. HP: 18/18 MP: 1/1
   265 | D:1      | Reached XP level 2. HP: 24/24 MP: 2/2
   777 | D:2      | Reached XP level 3. HP: 29/29 MP: 3/3
  1162 | D:3      | Reached skill level 1 in Stealth
  1162 | D:3      | Reached skill level 4 in Shields
  1162 | D:3      | Reached XP level 4. HP: 18/37 MP: 4/4
  1369 | D:3      | Found a shattered altar of Ashenzari.
  1413 | D:3      | Reached skill level 1 in Dodging
  1432 | D:3      | Found an opulent altar of Gozag.
  1945 | D:3      | Reached XP level 5. HP: 40/42 MP: 5/5
  2619 | D:4      | Reached XP level 6. HP: 43/48 MP: 6/6
  2769 | D:4      | Noticed Crazy Yiuf
  2777 | D:4      | Killed Crazy Yiuf
  3016 | D:4      | Found a staircase to the Ecumenical Temple.
  3035 | Temple   | Entered the Ecumenical Temple
  3077 | Temple   | Became a worshipper of Pakellas the Inventive
  3249 | D:4      | Reached skill level 5 in Shields
  3411 | D:5      | Entered Level 5 of the Dungeon
  3441 | D:5      | Reached XP level 7. HP: 55/55 MP: 7/7
  3477 | D:5      | Reached skill level 1 in Evocations
  3547 | D:5      | Reached * piety under Pakellas
  3579 | D:5      | Found a glowing drain.
  3589 | Sewer    | Entered a sewer
  3812 | Sewer    | Reached XP level 8. HP: 58/61 MP: 9/9
  4466 | D:5      | Reached skill level 5 in Long Blades
  4900 | D:6      | Reached skill level 6 in Shields
  4909 | D:6      | Reached ** piety under Pakellas
  4909 | D:6      | Received a gift from Pakellas
  5220 | D:6      | Reached skill level 5 in Fighting
  5465 | D:6      | Reached XP level 9. HP: 27/68 MP: 5/11
  5701 | D:6      | Reached skill level 5 in Stealth
  5946 | D:7      | Noticed Joseph
  5963 | D:7      | Killed Joseph
  6236 | D:7      | Noticed Pikel
  6255 | D:7      | Killed from afar by Pikel

Vault maps used:
D:1:      sevenhm_arrival_forest_fort_small_5, grunt_decor_one_mirror
D:3:      overflow_temple_1_default, lemuel_round_altar
D:4:      minmay_temple_entry_enclosed_plants, first_bread,
          hangedman_abyss_or_decor_stagger, uniq_crazy_yiuf_cottage
D:5:      portal_sewer_entry_e
D:7:      grunt_ogre_cave, uniq_prince_ribbit1, uniq_joseph, uniq_pikel
Temple:   circular_temple_12
Sewer:    sewer_co_15_rooms

Action                   |  1- 3 |  4- 6 |  7- 9 || total
-------------------------+-------+-------+-------++-------
Melee: Long sword        |    98 |   240 |   338 ||   676
Invok: Quick Charge      |       |       |     1 ||     1
 Abil: Dig               |       |     1 |     1 ||     2
Evoke: Wand              |       |       |     9 ||     9
  Use: Scroll            |       |       |     2 ||     2
       Potion            |       |       |     1 ||     1
 Stab: Sleeping          |       |       |     1 ||     1
  Eat: Chunk             |     1 |     8 |     9 ||    18
